 Dungeon Crawl Stone Soup version 0.24.0-10-g970556be89 (webtiles) character file.

Game seed: 16488495251939528571, levelgen mode: deterministic

2218 Delamore the Cleaver (level 9, -2/74 HPs)
             Began as a Hill Orc Monk on Nov 4, 2019.
             Was a Believer of Beogh.
             Slain by a hog (4 damage)
             ... on level 7 of the Dungeon.
             The game lasted 00:18:22 (8310 turns).

Delamore the Cleaver (Hill Orc Monk)                Turns: 8310, Time: 00:18:22

Health: -2/74      AC:  9    Str: 16    XL:     9   Next: 35%
Magic:  9/9        EV: 11    Int: 10    God:    Beogh [**....]
Gold:   373        SH:  0    Dex: 14    Spells: 8/8 levels left

rFire    . . .     SeeInvis .   E - +0 battleaxe
rCold    + . .     Gourm    .   (shield currently unavailable)
rNeg     . . .     Faith    .   m - +0 scale mail
rPois    .         Spirit   .   (no helmet)
rElec    .         Reflect  .   (no cloak)
rCorr    .         Harm     .   p - +0 pair of gloves
MR       .....                  B - +0 pair of boots
Stlth    +.........             w - amulet of rage
HPRegen  0.22/turn              r - ring of protection from cold
MPRegen  0.11/turn              (no ring)

@: no status effects
A: no striking features
a: Smiting, Renounce Religion, Evoke Berserk Rage


You were on level 7 of the Dungeon.
You worshipped Beogh.
Beogh was pleased with you.
You were hungry.

You visited 1 branch of the dungeon, and saw 7 of its levels.

You collected 373 gold pieces.

Inventory:

Hand Weapons
 E - a +0 battleaxe (weapon)
Armour
 m - a +0 scale mail (worn)
 p - a +0 pair of gloves (worn)
 B - a +0 pair of boots (worn)
Jewellery
 a - a +5 ring of strength
 g - an uncursed ring of fire
 r - a ring of protection from cold (left hand)
 v - an uncursed amulet of regeneration
 w - an amulet of rage (around neck)
 D - an uncursed amulet of harm
Wands
 z - a wand of acid (6)
Scrolls
 b - a scroll of blinking {unknown}
 e - 3 scrolls of identify {unknown}
 f - 6 scrolls of magic mapping {unknown}
 h - 2 scrolls of amnesia {unknown}
 i - 4 scrolls of teleportation {unknown}
 l - 3 scrolls of remove curse {unknown}
 t - a scroll of noise {unknown}
 u - a scroll of fog {unknown}
 x - a scroll of enchant weapon {unknown}
 y - a scroll of immolation {unknown}
Potions
 d - a potion of magic {unknown}
 j - a potion of degeneration
 k - a potion of cancellation {unknown}
 n - 4 potions of curing
 o - a potion of haste {unknown}
 s - a potion of lignification {unknown}
 C - 3 potions of brilliance {unknown}
Comestibles
 c - 7 rations


   Skills:
 - Level 5.4 Fighting
 + Level 13.4 Axes
 - Level 4.0 Armour
 - Level 3.5 Dodging
 - Level 1.9 Stealth
   Level 1.4 Shields
 + Level 0.3 Invocations


You had 8 spell levels left.
You didn't know any spells.
Your spell library was empty.

Dungeon Overview and Level Annotations

Branches:
Dungeon (7/15)
 Temple: D:4-7

Altars:
Ashenzari
Fedhas
Kikubaaqudgha
Nemelex Xobeh
Ru
Trog
Wu Jian
Xom
Yredelemnul
Zin
The Shining One


Message History

* * * LOW HITPOINT WARNING * * *
The hog bites you but does no damage.
There is an open door, spattered with blood here.
The hog bites you.
* * * LOW HITPOINT WARNING * * *
You closely miss the hog.
The hog is heavily wounded.
You hit the hog but do no damage. The hog bites you.
* * * LOW HITPOINT WARNING * * *
The hog bites you.
* * * LOW HITPOINT WARNING * * *
The hog bites you.
* * * LOW HITPOINT WARNING * * *
You feel much better. The hog barely misses you.
The hog bites you but does no damage. The hog bites you!
* * * LOW HITPOINT WARNING * * *
The hog bites you but does no damage. x2; The hog bites you!
* * * LOW HITPOINT WARNING * * *
The hog bites you.
You die...

#%%#..#.# #%.#..#.#
... #..'..#.# ..
#..#..#.# ..
#Y.#..#.# 8
##'#####.# #.
#..p####.#
#.###hh###...#
#...@h## #.###
###.### #..#########
#.# ##.#†##......
##.#####.>##.#.#####
#####
#..............# #
#.#.#
#..#####.#.#.### #
#.#.# #..# ##...## #
#.#.######..# ##.##
# #####...........#
#.# #


You could see a yak, 3 hogs and a human.

Vanquished Creatures
  A hippogriff (D:7)
  4 sky beasts
  A black bear (D:7)
  An orc warrior (D:7)
  A phantom (D:5)
  A centaur (D:7)
  3 bullfrogs
  A big kobold (D:7)
  2 vampire bats (D:4)
  A howler monkey (D:6)
  3 crimson imps
  A jelly (D:6)
  An orc priest (D:7)
  A bullfrog zombie (D:5)
  A hound (D:7)
  A gnoll shaman (D:5)
  A centaur skeleton (D:6)
  6 orc wizards
  6 worker ants
  Terence (D:2)
  A worker ant zombie (D:5)
  10 adders
  7 gnolls
  2 oozes
  2 adder skeletons (D:5)
  5 worms
  4 dart slugs
  7 leopard geckos
  15 orcs
  4 bat skeletons (D:4)
  2 bat zombies (D:4)
  4 giant cockroaches
  5 goblins
  8 hobgoblins
  22 jackals
  3 quokkas
  3 ball pythons
  10 bats
  10 frilled lizards
  A jackal skeleton (D:4)
  7 kobolds
  2 leopard gecko skeletons
  5 rats
177 creatures vanquished.

Vanquished Creatures (others)
  2 orcs (D:6)
2 creatures vanquished.

Grand Total: 179 creatures vanquished

Notes
Turn   | Place    | Note
-------+----------+-------------------------------------------
     0 | D:1      | Delamore the Hill Orc Monk began the quest for the Orb.
     0 | D:1      | Reached XP level 1. HP: 19/19 MP: 1/1
    61 | D:1      | Reached XP level 2. HP: 21/27 MP: 2/2
   696 | D:1      | Reached XP level 3. HP: 28/33 MP: 3/3
   753 | D:2      | Noticed Terence
   785 | D:2      | Killed Terence
  1276 | D:2      | Reached skill level 5 in Axes
  1276 | D:2      | Reached XP level 4. HP: 19/41 MP: 4/4
  1513 | D:2      | HP: 2/41 [adder (4)]
  1518 | D:2      | HP: 1/41 [poisoned by an adder]
  2028 | D:2      | Reached skill level 1 in Armour
  2722 | D:3      | Reached XP level 5. HP: 47/47 MP: 5/5
  3017 | D:3      | Reached skill level 6 in Axes
  3469 | D:4      | Reached XP level 6. HP: 51/53 MP: 6/6
  4476 | D:4      | Found a blossoming altar of Fedhas.
  4514 | D:4      | Found an ancient bone altar of Kikubaaqudgha.
  4773 | D:5      | Entered Level 5 of the Dungeon
  4918 | D:5      | Reached XP level 7. HP: 59/60 MP: 7/7
  4922 | D:5      | Reached skill level 5 in Fighting
  5132 | D:5      | Reached skill level 7 in Axes
  5392 | D:5      | Reached skill level 8 in Axes
  5878 | D:5      | Reached skill level 9 in Axes
  5878 | D:5      | Reached XP level 8. HP: 11/69 MP: 8/8
  6284 | D:5      | Found a glowing silver altar of Zin.
  6381 | D:6      | Became a worshipper of Beogh the Brigand
  6381 | D:6      | Reached * piety under Beogh
  6381 | D:6      | Reached ** piety under Beogh
  6439 | D:6      | Reached skill level 1 in Shields
  6474 | D:6      | Reached skill level 10 in Axes
  6750 | D:6      | Found a blossoming altar of Fedhas.
  6750 | D:6      | Found a shimmering altar of Xom.
  6752 | D:6      | Found an ornate altar of the Wu Jian Council.
  6755 | D:6      | Found a sparkling altar of Nemelex Xobeh.
  6756 | D:6      | Found a shattered altar of Ashenzari.
  6756 | D:6      | Found a glowing golden altar of the Shining One.
  6757 | D:6      | Found a sacrificial altar of Ru.
  6759 | D:6      | Found a basalt altar of Yredelemnul.
  6779 | D:6      | Found a bloodstained altar of Trog.
  6975 | D:7      | Noticed a hippogriff
  6981 | D:7      | Reached skill level 11 in Axes
  7027 | D:7      | Killed a hippogriff
  7027 | D:7      | Reached skill level 12 in Axes
  7027 | D:7      | Reached XP level 9. HP: 15/74 MP: 9/9
  7050 | D:7      | HP: 3/74 [bullfrog (2)]
  7067 | D:6      | Reached *** piety under Beogh
  7489 | D:7      | Found a sparkling altar of Nemelex Xobeh.
  7526 | D:7      | Found a flagged portal.
  7631 | D:7      | Reached skill level 13 in Axes
  8309 | D:7      | HP: 1/74 [hog (11)]
  8310 | D:7      | Slain by a hog

Levels and vault maps discovered:
D:1:      dpeg_arrival_solitude, layout_rooms, minmay_misc_feat_rows,
          serial_park_tiny_1
D:2:      layout_basic, first_ration, uniq_terence
D:3:      cheibrodos_helix_gallery, layout_loops_corners
D:4:      cheibrodos_old_hovel, layout_basic, kennysheep_vampire_church,
          serial_bayou_pond_e, kennysheep_nondescript, fedhas_altar_1
D:5:      layout_loops_ring, lemuel_doored_altar,
          hangedman_abyss_or_decor_stagger
D:6:      layout_rooms, minitemple
D:7:      black_bear_nest_1, layout_loops_ring, lemuel_temple_firewalk_b,
          enter_bailey_8, grunt_livestock, nemelex_xobeh_ov_fountains_minmay

Skill      XL: |  1  2  3  4  5  6  7  8  9 |
---------------+----------------------------+-----
Fighting       | 4 5 |  5.4
Axes           | 5 6 9 12 13 | 13.4
Dodging        | 3 |  3.5
Armour         | 1 2 3 4 |  4.0
Shields        | 1 |  1.4
Stealth        | |  1.9
Invocations    | |  0.3

Action                   |  1- 3 |  4- 6 |  7- 9 || total
-------------------------+-------+-------+-------++-------
Melee: Hand axe          |   119 |   337 |   280 ||   736
       Battleaxe         |       |       |   162 ||   162
Throw: Throwing net      |       |       |     1 ||     1
Invok: Convert to Beogh  |       |       |     1 ||     1
       Smiting           |       |       |     3 ||     3
Evoke: Wand              |       |       |     5 ||     5
  Use: Potion            |     1 |     1 |     4 ||     6
  Eat: Chunk             |     1 |    10 |     6 ||    17
       Ration            |       |     1 |     1 ||     2
Armor: Robe              |    11 |       |       ||    11
       Scale mail        |    14 |   159 |   251 ||   424
Dodge: Dodged            |    85 |   210 |   223 ||   518
Block: Shield            |       |       |    36 ||    36
